 Dungeon Crawl Stone Soup version 0.27.0-1-g7a089689b8 (webtiles) character file.

Game seed: 11432681558058412755

264 kobby the Covert (level 6, -5/50 HPs)
             Began as a Gnoll Brigand on Aug 9, 2021.
             Slain by a water moccasin (8 damage)
             ... on level 4 of the Dungeon.
             The game lasted 00:10:25 (3430 turns).

kobby the Covert (Gnoll Brigand)                    Turns: 3430, Time: 00:10:26

Health: -5/50      AC:  4    Str: 10 (12) XL:     6   Next: 19%
Magic:  7/7        EV: 13    Int:  9 (10) God:
Gold:   272        SH:  0    Dex: 13 (16) Spells: 8/8 levels left

rFire    + . .     SeeInvis .   m - +2 dagger (venom)
rCold    . . .     Faith    .   (no shield)
rNeg     . . .     Spirit   .   b - +0 robe
rPois    .         Reflect  .   (helmet restricted)
rElec    .         Harm     .   c - +0 cloak
rCorr    .         Rampage  .   o - +0 pair of gloves
Will     .....                  (no boots)
Stlth    ++++......             (no amulet)
HPRegen  0.16/turn              h - ring of protection from fire
MPRegen  0.10/turn              (no ring)

@: attractive
A: fangs 1, strong nose, distributed training, antennae 1, low mp 1, strong 1
a: no special abilities


You were on level 4 of the Dungeon.
You visited 1 branch of the dungeon, and saw 5 of its levels.

You collected 272 gold pieces.

Inventory:

Hand Weapons
 a - a +2 dagger of freezing
 m - a +2 dagger of venom (weapon)
Missiles
 d - 33 poisoned darts (quivered)
 e - 2 curare-tipped darts
Armour
 b - a +0 robe (worn)
 c - a +0 cloak (worn)
 o - a +0 pair of gloves (worn)
 p - a +0 helmet
Jewellery
 f - a ring of protection from fire
 h - a ring of protection from fire (left hand)
Scrolls
 g - a scroll of noise


   Skills:
 + Level 4.9 Fighting
 + Level 4.9 Short Blades
 + Level 1.8 Long Blades
 + Level 1.8 Axes
 + Level 1.8 Maces & Flails
 + Level 1.8 Polearms
 + Level 1.8 Staves
 + Level 1.8 Slings
 + Level 1.8 Bows
 + Level 1.8 Crossbows
 + Level 4.9 Throwing
 + Level 1.8 Armour
 + Level 3.2 Dodging
 + Level 8.0 Stealth
 + Level 1.8 Shields
 + Level 1.8 Unarmed Combat
 + Level 1.8 Spellcasting
 + Level 1.4 Conjurations
 + Level 1.4 Hexes
 + Level 1.4 Summonings
 + Level 1.4 Necromancy
 + Level 1.4 Translocations
 + Level 1.4 Transmutations
 + Level 1.4 Fire Magic
 + Level 1.4 Ice Magic
 + Level 1.4 Air Magic
 + Level 1.4 Earth Magic
 + Level 1.4 Poison Magic
 + Level 2.0 Invocations
 + Level 1.8 Evocations


You had 8 spell levels left.
You didn't know any spells.
Your spell library contained the following spells:

 Spells                   Type           Power      Damage    Failure   Level
 Animate Skeleton         Necr           6%         N/A       19%         1
 Apportation              Tloc           6%         N/A       19%         1
 Corona                   Hex            3%         N/A       19%         1
 Magic Dart               Conj           12%        1d3       19%         1
 Summon Small Mammal      Summ           12%        N/A       19%         1
 Call Imp                 Summ           3%         N/A       28%         2
 Mephitic Cloud           Conj/Pois/Air  3%         N/A       50%         3
 Summon Guardian Golem    Hex/Summ       3%         N/A       50%         3
 Orb of Destruction       Conj           1%         N/A       100%        7
 Spellforged Servitor     Conj/Summ      1%         N/A       100%        7


Dungeon Overview and Level Annotations

Branches:
Dungeon (5/15)
 Temple: D:4-7

Altars:
Makhleb
Sif Muna


Innate Abilities, Weirdness & Mutations

You have very sharp teeth.
Your uncanny sense of smell can sniff out nearby items.
Your experience applies equally to all skills.
You have a pair of small antennae on your head.
Your magical capacity is low. (-10% MP)
Your muscles are strong. (Str +2)


Message History

You climb upwards.
You feel sick.
There is a stone staircase leading down here.
You barely miss the water moccasin.
You feel sick.
The water moccasin bites you but does no damage.
You closely miss the water moccasin.
You feel sick. The water moccasin bites you.
You hit the water moccasin.
The water moccasin is lightly wounded.
You feel sick. The water moccasin misses you.
You hit the water moccasin.
The water moccasin is moderately wounded.
The water moccasin bites you!
You closely miss the water moccasin.
The water moccasin is moderately wounded.
You feel sick. The water moccasin bites you!
* * * LOW HITPOINT WARNING * * *
It was a potion of attraction.
You feel attractive to monsters.
You feel sick.
You are no longer poisoned.
The water moccasin barely misses you. The water moccasin bites you.
* * * LOW HITPOINT WARNING * * *
Okay, then.
You hit the water moccasin. Your bite misses the water moccasin.
The water moccasin is moderately wounded.
You hit the water moccasin but do no damage.
The water moccasin is moderately wounded.
The water moccasin misses you. x2
You hit the water moccasin.
The water moccasin is heavily wounded.
The water moccasin bites you.
* * * LOW HITPOINT WARNING * * *
You hit the water moccasin.
The water moccasin is heavily wounded.
The ball python is pulled toward you!
The ball python hisses angrily.
You hit the water moccasin.
The water moccasin is heavily wounded.
The water moccasin bites you!
You die...

##......§§§§###...##...#### #..
##...#####§####.####.....#####
###.## #..>.....##.......##.
#..# ####.###........#.#.>
##(#####...# ###...........
#.#..#..#########..#......
#.##...##......##.........
#.###...SS.....##.........
####.###.###@........##......
#........# #.......#..#......
#........###.......##.#......
#.................###........
###........###......#######.##.
#......###.# #.......[)####...#
#.#.##.....# #......##..÷####..
#.#.#...#### #......####.## ##.
###.......# ######## #..####.


You could see a water moccasin and a ball python.

Vanquished Creatures
  2 orc priests (D:4)
  Natasha (twice) (D:2)
  An orc wizard (D:4)
  A hound skeleton (D:4)
  4 adders
  A worm (D:3)
  4 dart slugs
  7 orcs
  8 bats
  3 endoplasms
  3 giant cockroaches
  9 goblins
  9 hobgoblins
  5 jackals (D:1)
  A kobold (D:2)
  2 quokkas
  4 ball pythons
  2 frilled lizards
  3 rats
71 creatures vanquished.

Vanquished Creatures (collateral kills)
  A goblin (D:3)
1 creature vanquished.

Grand Total: 72 creatures vanquished

Notes
Turn   | Place    | Note
-------+----------+-------------------------------------------
     0 | D:1      | kobby the Gnoll Brigand began the quest for the Orb.
     0 | D:1      | Reached XP level 1. HP: 20/20 MP: 1/1
   425 | D:1      | Reached XP level 2. HP: 26/26 MP: 2/2
   733 | D:1      | Reached XP level 3. HP: 31/31 MP: 3/3
  1280 | D:2      | Reached skill level 1 in Invocations
  1339 | D:2      | Noticed Natasha
  1346 | D:2      | Killed Natasha
  1347 | D:2      | Reached skill level 1 in Long Blades
  1347 | D:2      | Reached skill level 1 in Axes
  1347 | D:2      | Reached skill level 1 in Maces & Flails
  1347 | D:2      | Reached skill level 1 in Polearms
  1347 | D:2      | Reached skill level 1 in Staves
  1347 | D:2      | Reached skill level 1 in Slings
  1347 | D:2      | Reached skill level 1 in Bows
  1347 | D:2      | Reached skill level 1 in Crossbows
  1347 | D:2      | Reached skill level 1 in Armour
  1347 | D:2      | Reached skill level 1 in Shields
  1347 | D:2      | Reached skill level 1 in Unarmed Combat
  1347 | D:2      | Reached skill level 1 in Spellcasting
  1347 | D:2      | Reached skill level 1 in Evocations
  1347 | D:2      | Reached XP level 4. HP: 38/38 MP: 5/5
  1406 | D:2      | Noticed Natasha
  1598 | D:2      | Killed Natasha
  1599 | D:2      | Reached skill level 1 in Conjurations
  1599 | D:2      | Reached skill level 1 in Hexes
  1599 | D:2      | Reached skill level 1 in Summonings
  1599 | D:2      | Reached skill level 1 in Necromancy
  1599 | D:2      | Reached skill level 1 in Translocations
  1599 | D:2      | Reached skill level 1 in Transmutations
  1599 | D:2      | Reached skill level 1 in Fire Magic
  1599 | D:2      | Reached skill level 1 in Ice Magic
  1599 | D:2      | Reached skill level 1 in Air Magic
  1599 | D:2      | Reached skill level 1 in Earth Magic
  1599 | D:2      | Reached skill level 1 in Poison Magic
  1739 | D:2      | Found a faded altar of an unknown god.
  2127 | D:3      | Reached XP level 5. HP: 43/43 MP: 6/6
  2629 | D:3      | Gained mutation: Your magical capacity is low. (-10% MP)
                  | [potion of mutation]
  2629 | D:3      | Gained mutation: You have a pair of small antennae on your
                  | head. [potion of mutation]
  2629 | D:3      | Gained mutation: Your muscles are strong. (Str +2) [potion
                  | of mutation]
  2789 | D:3      | Found a burning altar of Makhleb.
  3134 | D:4      | Reached skill level 8 in Stealth
  3141 | D:4      | Reached XP level 6. HP: 36/50 MP: 7/7
  3249 | D:4      | Found a shimmering blue altar of Sif Muna.
  3410 | D:5      | Entered Level 5 of the Dungeon
  3413 | D:5      | Noticed a water moccasin
  3430 | D:4      | Slain by a water moccasin

Illustrated notes

Levels and vault maps discovered:
D:1:      roderic_crop_circles_arrival_small, layout_basic, nrook_campfire
D:2:      layout_loops_cross, shapermc_ecumenical_altar_hornbeckon, uniq_natasha
D:3:      layout_basic, nicolae_overflow_hidden_temple, grunt_ministairs_15,
          glass_columns_c, minmay_goblin_kobold_house
D:4:      layout_rooms, mainiacjoe_overflow_paths
D:5:      layout_cave_pools, serial_shops, nicolae_shop_behind_doors,
          uniq_edmund

Skill      XL: |  1  2  3  4  5 |
---------------+----------------+-----
Invocations    | 1 2 |  2.0
Long Blades    | 1 |  1.8
Axes           | 1 |  1.8
Maces & Flails | 1 |  1.8
Polearms       | 1 |  1.8
Staves         | 1 |  1.8
Slings         | 1 |  1.8
Bows           | 1 |  1.8
Crossbows      | 1 |  1.8
Armour         | 1 |  1.8
Shields        | 1 |  1.8
Unarmed Combat | 1 |  1.8
Spellcasting   | 1 |  1.8
Evocations     | 1 |  1.8
Conjurations   | 1 |  1.4
Hexes          | 1 |  1.4
Summonings     | 1 |  1.4
Necromancy     | 1 |  1.4
Translocations | 1 |  1.4
Transmutations | 1 |  1.4
Fire Magic     | 1 |  1.4
Ice Magic      | 1 |  1.4
Air Magic      | 1 |  1.4
Earth Magic    | 1 |  1.4
Poison Magic   | 1 |  1.4
Dodging        | 3 |  3.2
Stealth        | 8 |  8.0
Fighting       | |  4.9
Short Blades   | |  4.9
Throwing       | |  4.9

Action                   |  1- 3 |  4- 6 || total
-------------------------+-------+-------++-------
Melee: Dagger            |    69 |   139 ||   208
       Bite              |     7 |    13 ||    20
       Punch             |       |     1 ||     1
Throw: Dart              |       |     3 ||     3
  Use: Potion            |     1 |     5 ||     6
       Scroll            |       |     9 ||     9
 Stab: Sleeping          |    11 |    12 ||    23
       Invisible         |       |     3 ||     3
       Distracted        |       |     1 ||     1
Armor: Robe              |    19 |    19 ||    38
Dodge: Dodged            |    34 |    45 ||    79
